 Dungeon Sprint DCSS version 0.17-a0-1718-g72dbe4d (webtiles) character file.

6490 Kidiri the Unseen (level 10, -11/44 HPs)
             Began as a Spriggan Enchanter on Aug 25, 2015.
             Was an Elder of Dithmenos.
             Mangled by a kraken (46 damage)
             ... in the Dungeon (Sprint II: "The Violet Keep of Menkaure").
             The game lasted 00:13:40 (2750 turns).

Kidiri the Unseen (Spriggan Enchanter)              Turns: 2750, Time: 00:13:40

Health: -11/44     AC:  6    Str: 14    XL:     10   Next: 68%
Magic:  19/28      EV: 32    Int: 18    God:    Dithmenos [****..]
Gold:   827        SH:  9    Dex: 19    Spells: 5 memorised, 23 levels left

rFire  . . .     SeeInvis +     a - +3 dagger
rCold  + . .     Clarity  .     l - +1 robe "Exikazao" {*Contam rC+ Str+7}
rNeg   . . .     SustAt   .     p - +2 buckler of the Lonely Curses {*Confuse rPois rCorr Str+3}
rPois  +         Gourm    .     (helmet restricted)
rElec  .         Spirit   .     m - +2 cloak {+Inv}
rCorr  +         Warding  .     (gloves unavailable)
rMut   .         NoTele   +     (boots unavailable)
MR     +....                    (no amulet)
Stlth  ++++++++++               (no ring)
                                (no ring)

@: very slightly contaminated, wreathed by umbra, very quick, somewhat resistant
to hostile enchantments, uncannily stealthy
A: unfitting armour, see invisible, herbivore 3, speed 3, slow metabolism 2
a: Shadow Step, Renounce Religion, Evoke Invisibility


You were in the Dungeon.
You worshipped Dithmenos.
Dithmenos was greatly pleased with you.
You were not hungry.

You visited 1 branch You collected 1605 gold pieces.
You spent 778 gold pieces at shops.

Inventory:

Hand weapons
 a - a +3 dagger (weapon)
Armour
 l - the +1 robe "Exikazao" (worn) {*Contam rC+ Str+7}
   (You bought it in a shop in the Dungeon)

   It affects your strength (+7).
   It protects you from cold.
   It causes magical contamination when unequipped.
 m - a +2 cloak of invisibility (worn)
 p - the +2 buckler of the Lonely Curses (worn) {*Confuse rPois rCorr Str+3}
   (You bought it in a shop in the Dungeon)

   It affects your strength (+3).
   It protects you from poison.
   It protects you from acid and corrosion.
   It may confuse you when you take damage.
Scrolls
 j - 2 scrolls of blinking
 o - 2 scrolls of identify
 q - a scroll of enchant armour
 r - a scroll of remove curse
 v - a scroll of fear
Potions
 b - 6 potions of flight
 f - a potion of heal wounds
 g - 4 potions of haste
 h - 5 potions of magic
 i - a potion of berserk rage
 k - 2 potions of brilliance
 s - a potion of ambrosia
 t - 3 potions of resistance
 w - a potion of cure mutation
Comestibles
 d - a bread ration


   Skills:
 + Level 8.6 Short Blades
 * Level 15.2 Dodging
 * Level 16.6 Stealth
 + Level 4.1 Shields
 * Level 13.1 Spellcasting
 + Level 5.4 Conjurations
 + Level 10.1 Hexes
 + Level 6.1 Ice Magic
 - Level 4.4 Invocations
 + Level 7.2 Evocations


You had 23 spell levels left.
You knew the following spells:

 Your Spells              Type           Power        Failure   Level  Hunger
a - Corona                Hex            #####..      1%          1    None
b - Ensorcelled Hibernat  Hex/Ice        #####.       1%          2    None
c - Confuse               Hex            #####...     1%          3    None
d - Tukima's Dance        Hex            #####...     1%          3    None
e - Dazzling Spray        Conj/Hex       #####...     1%          3    None


Dungeon Overview and Level Annotations

Branches:
Dungeon (1/1)

Altars:
Cheibriados
Dithmenos
Elyvilon
Fedhas
Gozag
Kikubaaqudgha
Makhleb
Nemelex Xobeh
Okawaru
Qazlal
Ru
Sif Muna
Trog
Vehumet
Xom
Yredelemnul
Zin
The Shining One
Beogh
Jiyva
Lugonu

Shops:
D =!:%[[[%!?%=*(:}

Annotations:
D exclusions: obsidian statue and oklob plant


Innate Abilities, Weirdness & Mutations

You are tiny and cannot use many weapons and most armour.
You have supernaturally acute eyesight.
You are a herbivore.
You cover ground extremely quickly.
You need consume almost no food.


Message History

You hit the kraken but do no damage.
The kraken is almost dead.
You hit the kraken.
The kraken is almost dead.
You flicker back into view.
You hit the kraken but do no damage.
The kraken is almost dead.
The kraken squirts a massive cloud of ink into the water!
You hit the kraken but do no damage.
The kraken is almost dead.
Casting: Dazzling Spray
Confirm with . or Enter, or press ? or * to list all spells.
Aiming: Dazzling Spray
Press: ? - help, Shift-Dir - straight line, f/p - kraken
Aim: a kraken (ink, water, almost dead, umbra)
The spray of energy hits the kraken.
The kraken is almost dead.
The kraken barely misses you. The kraken bites you!!!
Ouch! That really hurt!
You die...

#≈≈≈.........#..+....#..#=|▓.)..)
#≈≈≈≈.##+##..#(.####.#%.#)§▓.....
#≈≈≈≈##.#.##.####..+.##.#:=▓.)((.
#≈≈≈≈#.###.#....#[.#.^.####▓(...)
#≈≈####.#.####..#####..##)#▓..%..
#≈##.###'###.##..#..+.^#..#▓(....
#≈#.#.##.##..##..#..#..#..#▓.(..(
+≈+.##'.<.'##.+..####..##.#▓.).%?
#≈#..###.##..##.@..###...##▓▓▓▓▓▓
#≈##.###'###.##X.....≈≈≈≈≈≈≈≈≈≈≈≈
#≈≈####..#####§§§§...≈#+########+
##≈≈≈#..##.#≈§§§§§§..≈#_._.....#§
#+#≈##.#.##≈≈§§§§§§.§#._._....#§
#.#≈≈##+##≈≈§≈≈§≈§§≈§#_._._...#§
####≈≈≈≈≈≈≈≈≈≈§§§≈§≈≈#._._._..#§
#+++#+++#≈§§≈§§§≈≈#_._._.⌠.#§
§S≈§ ##≈≈§###≈≈#._._._..#§


You could see a kraken.

Vanquished Creatures
  A crystal guardian (D)
  A great orb of eyes (D)
  A death yak (D)
  2 deep trolls (D)
  2 death drakes (D)
  A yaktaur (D)
  3 polar bears (D)
  2 hippogriffs (D)
  Menkaure (D)
  A soldier ant (D)
  2 swamp drakes (D)
  A wasp (D)
  4 crocodiles (D)
  4 brain worms (D)
  A scorpion (D)
  4 worker ants (D)
  3 worms (D)
34 creatures vanquished.

Vanquished Creatures (others)
  2 soldier ants (D)
  8 tentacles (D)
  23 tentacle segments (D)
33 creatures vanquished.

Grand Total: 67 creatures vanquished

Notes
Turn   | Place    | Note
--------------------------------------------------------------
     0 | D        | Kidiri the Spriggan Enchanter began the quest for the Orb.
     0 | D        | Reached XP level 1. HP: 9/9 MP: 5/5
     1 | D        | Noticed a hippogriff
     1 | D        | Noticed a hippogriff
     4 | D        | Noticed a brain worm
     8 | D        | Noticed a worker ant
     8 | D        | Noticed a worker ant
     8 | D        | Noticed a worker ant
     8 | D        | Noticed a worker ant
    15 | D        | Killed a brain worm
    15 | D        | Reached skill level 6 in Dodging
    15 | D        | Reached skill level 7 in Stealth
    15 | D        | Reached skill level 5 in Spellcasting
    15 | D        | Reached XP level 2. HP: 13/13 MP: 6/9
    15 | D        | Reached XP level 3. HP: 16/16 MP: 6/10
    19 | D        | Learned a level 2 spell: Ensorcelled Hibernation
    23 | D        | Learned a level 3 spell: Confuse
    27 | D        | Learned a level 3 spell: Tukima's Dance
    31 | D        | Learned a level 3 spell: Dazzling Spray
    49 | D        | Noticed a brain worm
    50 | D        | Killed a brain worm
    50 | D        | Reached skill level 8 in Stealth
    50 | D        | Reached skill level 1 in Conjurations
    50 | D        | Reached skill level 5 in Hexes
    50 | D        | Reached skill level 1 in Ice Magic
    50 | D        | Reached XP level 4. HP: 21/21 MP: 11/13
    51 | D        | Noticed a brain worm
    51 | D        | Noticed a brain worm
    53 | D        | Killed a brain worm
    53 | D        | Reached skill level 9 in Stealth
    53 | D        | Reached XP level 5. HP: 24/24 MP: 11/15
    55 | D        | Killed a brain worm
    55 | D        | Reached skill level 10 in Stealth
    75 | D        | Killed a worker ant
    75 | D        | Reached XP level 6. HP: 28/28 MP: 13/17
    76 | D        | Killed a worker ant
    79 | D        | Killed a worker ant
    81 | D        | Killed a worker ant
   151 | D        | Noticed a lava snake
   151 | D        | Noticed a lava snake
   152 | D        | Noticed a lava snake
   170 | D        | Killed a hippogriff
   170 | D        | Reached skill level 5 in Short Blades
   170 | D        | Reached skill level 10 in Dodging
   170 | D        | Reached skill level 11 in Stealth
   177 | D        | Killed a hippogriff
   177 | D        | Reached XP level 7. HP: 10/32 MP: 7/20
   414 | D        | Noticed a flying skull
   414 | D        | Noticed a flying skull
   414 | D        | Noticed a flying skull
   415 | D        | Noticed a flying skull
   415 | D        | Noticed a flying skull
   415 | D        | Noticed a flying skull
   415 | D        | Noticed a flying skull
   416 | D        | Noticed a flying skull
   416 | D        | Noticed a flying skull
   416 | D        | Noticed a flying skull
   416 | D        | Noticed Menkaure
   417 | D        | Found Jizat's Book Shoppe.
   417 | D        | Found Jucoby's Gadget Emporium.
   418 | D        | Killed Menkaure
   418 | D        | Reached skill level 12 in Stealth
   419 | D        | Noticed a flying skull
   420 | D        | Noticed a flying skull
   441 | D        | Found Xeorhur's Jewellery Emporium.
   442 | D        | Found Cotrick's Magic Scroll Emporium.
   442 | D        | Found Tonubrih's Distillery.
   443 | D        | Noticed a scorpion
   445 | D        | Killed a scorpion
   449 | D        | Found Sijaesisa's Food Shoppe.
   449 | D        | Found Taosur's Antique Weapon Emporium.
   451 | D        | Found Ited's Food Shoppe.
   454 | D        | Found Xico's Antique Armour Shoppe.
   454 | D        | Found Fuhotaomi's Antique Armour Emporium.
   455 | D        | Found Lewuid's General Store.
   458 | D        | Found Lisuaxey's Antique Armour Emporium.
   458 | D        | Found Degill's Food Shoppe.
   458 | D        | Noticed an iron elemental
   458 | D        | Noticed an oklob plant
   459 | D        | Found Kalloj's Distillery.
   459 | D        | Found Oxudahua's Book Shoppe.
   459 | D        | Found Qufoxuav's Jewellery Emporium.
   461 | D        | Noticed a shining eye
   461 | D        | Noticed a shining eye
   462 | D        | Noticed a shining eye
   502 | D        | Bought a dull robe for 182 gold pieces
   502 | D        | Bought an embroidered cloak for 144 gold pieces
   502 | D        | Bought a fabulously ornate robe for 182 gold pieces
   512 | D        | Identified the cursed +1 robe "Exikazao" {*Contam rC+ Str+7} (You bought it in a shop in the Dungeon)
   521 | D        | Bought a scroll of identify for 20 gold pieces
   521 | D        | Bought a scroll of remove curse for 30 gold pieces
   532 | D        | Identified the cursed +0 robe of the Nexus {rElec Regen+ Str+2 Dex-5} (You bought it in a shop in the Dungeon)
   532 | D        | Bought a scroll of remove curse for 30 gold pieces
   539 | D        | Bought a pitted buckler for 190 gold pieces
   544 | D        | Identified the +2 buckler of the Lonely Curses {*Confuse rPois rCorr Str+3} (You bought it in a shop in the Dungeon)
   645 | D        | Noticed a kraken
   940 | D        | HP: 1/32 [kraken (25)]
  1260 | D        | Found a corrupted altar of Lugonu.
  1260 | D        | Found a roughly hewn altar of Beogh.
  1260 | D        | Found a sacrificial altar of Ru.
  1261 | D        | Found a burning altar of Makhleb.
  1261 | D        | Found a bloodstained altar of Trog.
  1261 | D        | Found a deep blue altar of Sif Muna.
  1262 | D        | Found an ancient bone altar of Kikubaaqudgha.
  1262 | D        | Found a stormy altar of Qazlal.
  1262 | D        | Found a basalt altar of Yredelemnul.
  1263 | D        | Found a glowing silver altar of Zin.
  1263 | D        | Found a blossoming altar of Fedhas.
  1263 | D        | Found a sparkling altar of Nemelex Xobeh.
  1264 | D        | Found a snail-covered altar of Cheibriados.
  1264 | D        | Found an iron altar of Okawaru.
  1265 | D        | Found a shimmering altar of Xom.
  1265 | D        | Found a viscous altar of Jiyva.
  1266 | D        | Noticed a swamp drake
  1268 | D        | Noticed a yaktaur
  1268 | D        | Noticed a wasp
  1268 | D        | Noticed a polar bear
  1269 | D        | Noticed a polar bear
  1269 | D        | Noticed a polar bear
  1270 | D        | Killed a polar bear
  1270 | D        | Reached skill level 1 in Evocations
  1272 | D        | Killed a wasp
  1272 | D        | Reached skill level 1 in Shields
  1272 | D        | Reached skill level 10 in Spellcasting
  1272 | D        | Reached XP level 8. HP: 36/36 MP: 23/23
  1275 | D        | Killed a yaktaur
  1275 | D        | Reached skill level 13 in Stealth
  1298 | D        | Killed a polar bear
  1339 | D        | Killed a polar bear
  1463 | D        | Found a shadowy altar of Dithmenos.
  1463 | D        | Found a white marble altar of Elyvilon.
  1463 | D        | Found a glowing golden altar of the Shining One.
  1464 | D        | Found an opulent altar of Gozag.
  1464 | D        | Found a radiant altar of Vehumet.
  1474 | D        | Became a worshipper of Dithmenos the Shadowed
  1490 | D        | Noticed a crocodile
  1494 | D        | Noticed a crocodile
  1651 | D        | Killed a crocodile
  1665 | D        | Noticed a crocodile
  1669 | D        | Noticed a crocodile
  1672 | D        | Killed a crocodile
  1684 | D        | Killed a crocodile
  1684 | D        | Reached skill level 14 in Stealth
  1684 | D        | Reached skill level 1 in Invocations
  1692 | D        | Killed a crocodile
  1692 | D        | Reached XP level 9. HP: 14/39 MP: 7/25
  1799 | D        | Noticed a flying skull
  1799 | D        | Noticed a flying skull
  1799 | D        | Noticed a flying skull
  1799 | D        | Noticed a flying skull
  1801 | D        | Noticed a flying skull
  1801 | D        | Noticed a flying skull
  1811 | D        | Noticed an obsidian statue
  1881 | D        | Noticed a deep troll
  1882 | D        | Noticed a deep troll
  1885 | D        | Killed a deep troll
  1885 | D        | Reached skill level 5 in Ice Magic
  1910 | D        | Killed a deep troll
  1910 | D        | Acquired Dithmenos's first power
  1910 | D        | Reached skill level 5 in Evocations
  2127 | D        | Noticed a death drake
  2129 | D        | Noticed a soldier ant
  2129 | D        | Noticed a soldier ant
  2130 | D        | Noticed a soldier ant
  2142 | D        | Killed a soldier ant
  2142 | D        | Reached skill level 15 in Stealth
  2161 | D        | Killed a soldier ant
  2288 | D        | Noticed a death yak
  2289 | D        | Killed a death yak
  2302 | D        | Noticed a great orb of eyes
  2327 | D        | Killed a great orb of eyes
  2327 | D        | Reached skill level 5 in Conjurations
  2327 | D        | Reached XP level 10. HP: 44/44 MP: 10/27
  2413 | D        | Noticed a deep elf master archer
  2419 | D        | Noticed a death drake
  2419 | D        | Noticed a crystal guardian
  2419 | D        | Noticed a swamp drake
  2420 | D        | Killed a swamp drake
  2420 | D        | Acquired Dithmenos's second power
  2422 | D        | Killed a crystal guardian
  2422 | D        | Reached skill level 16 in Stealth
  2423 | D        | Killed a death drake
  2423 | D        | Reached skill level 15 in Dodging
  2423 | D        | Reached skill level 10 in Hexes
  2425 | D        | Killed a death drake
  2426 | D        | Killed a swamp drake
  2426 | D        | Acquired Dithmenos's third power
  2568 | D        | Killed a soldier ant
  2750 | D        | Mangled by a kraken

Vault maps used:
D:        the_violet_keep_of_menkaure

Action                   |  1- 3 |  4- 6 |  7- 9 | 10-12 || total
-------------------------+-------+-------+-------+-------++-------
Melee: Dagger            |     2 |    14 |    58 |    22 ||    96
 Cast: Ensorcelled Hiber |       |     9 |    12 |       ||    21
       Dazzling Spray    |       |       |    20 |     4 ||    24
       Confuse           |       |       |    10 |       ||    10
 Abil: Evoke Invisibilit |       |       |     7 |     2 ||     9
  Use: Scroll            |       |       |    16 |       ||    16
       Potion            |       |       |     3 |       ||     3
 Stab: Sleeping          |     2 |    11 |     9 |     5 ||    27
       Invisible         |       |       |     7 |     4 ||    11
       Confused          |       |       |     5 |       ||     5
  Eat: Fruit             |       |       |     1 |       ||     1
       Bread ration      |       |       |     1 |       ||     1
